 Dungeon Sprint DCSS version 0.28-a0-1235-g7c8fac35f0 (webtiles) character file.

Game seed: 14146768605469453130

23020 mhtbhm the Merfolkian Porcupine (level 13, -20/132 HPs)
             Began as a Merfolk Berserker on Dec 24, 2021.
             Was the Champion of Trog.
             Killed by the air
             ... invoked by a spriggan air mage
              (25 damage)
             ... in the Dungeon (Sprint IX: "|||||||||||||||||||||||||||||").
             The game lasted 00:04:47 (2344 turns).

mhtbhm the Merfolkian Porcupine (Merfolk Berserker) Turns: 2344, Time: 00:04:47

Health: -20/132    AC: 23    Str: 23    XL:     13   Next: 4%
Magic:  13/13      EV: 10    Int:  9    God:    Trog [******]
Gold:   74         SH:  0    Dex: 16    Spells: 12/12 levels left

rFire   + . .      SeeInvis .   a - +4 bardiche (vorpal)
rCold   + . .      Faith    .   (shield currently unavailable)
rNeg    . . .      Spirit   .   b - +0 gold dragon scales
rPois   +          Reflect  .   k - +0 helmet
rElec   .          Harm     .   l - +0 cloak
rCorr   .          Rampage  .   w - +0 pair of gloves
Will    .....      NoTele   +   v - +0 pair of boots
Stlth   ..........              (no amulet)
HPRegen 0.32/turn               m - +3 ring of dexterity
MPRegen 0.13/turn               n - +3 ring of intelligence

@: on berserk cooldown, slowed, very slow
A: (nimble swimmer 2), mertail
a: Renounce Religion, Berserk, Trog's Hand, Brothers in Arms


You were in the Dungeon.
You worshipped Trog.
Trog was exalted by your worship.
You visited 1 branch You collected 1911 gold pieces.
You spent 1837 gold pieces at shops.

Inventory:

Hand Weapons
 a - a +4 vorpal bardiche (weapon)
 x - a +3 glaive of flaming
Missiles
 E - 4 curare-tipped darts (quivered)
Armour
 b - +0 gold dragon scales (worn)
 k - a +0 helmet (worn)
 l - a +0 cloak (worn)
 v - a +0 pair of boots (worn)
 w - a +0 pair of gloves (worn)
 y - a +0 chain mail of poison resistance
Jewellery
 m - a +3 ring of dexterity (left hand)
 n - a +3 ring of intelligence (right hand)
 C - a +4 ring of protection
 F - a ring of ice
 G - an amulet of regeneration
 H - a ring of fire
 I - a ring of willpower
Wands
 j - a wand of acid (10)
 p - a wand of flame (18)
Scrolls
 h - 3 scrolls of blinking
 q - 4 scrolls of enchant weapon
 r - 2 scrolls of identify
 s - 4 scrolls of enchant armour
 t - 3 scrolls of fear
 u - a scroll of fog
 B - a scroll of silence {unknown}
Potions
 c - 9 potions of curing
 d - 6 potions of heal wounds
 e - 3 potions of haste
 f - 4 potions of magic
 g - 2 potions of berserk rage
 i - a potion of invisibility
 o - 2 potions of might
 D - a potion of lignification {unknown}
 J - a potion of mutation
 K - a potion of resistance
Miscellaneous
 z - a tin of tremorstones (2/2)
 A - a lightning rod (4/4)


   Skills:
 + Level 21.9 Fighting
 O Level 27 Polearms
 * Level 9.7 Armour
 + Level 16.3 Dodging
 - Level 6.0 Stealth


You had 12 spell levels left.
You didn't know any spells.
Your spell library was empty.

Dungeon Overview and Level Annotations

Branches:
Dungeon (1/1)

Altars:
Cheibriados
Dithmenos
Elyvilon
Fedhas
Gozag
Hepliaklqana
Kikubaaqudgha
Makhleb
Nemelex Xobeh
Okawaru
Qazlal
Ru
Sif Muna
Trog
Uskayaw
Vehumet
Wu Jian
Xom
Yredelemnul
Zin
The Shining One
Beogh
Jiyva
Lugonu

Shops:
D [*!(


Innate Abilities, Weirdness & Mutations

((You are very nimble when in or above water. (Stealth+, EV+, Speed+++)))
Your lower body shifts to a powerful aquatic tail in water.


Message History

The air twists around and strikes you.
The stone giant hits you but does no damage.
You completely miss the stone giant.
The spriggan air mage waves its arms in wide circles.
The air twists around and strikes you! The stone giant hits you!!
The rakshasa weaves an illusion.
You hit the stone giant.
The stone giant is lightly wounded.
The spriggan air mage waves its arms in wide circles.
The air twists around and strikes you!
The stone giant hits you but does no damage.
You slash the stone giant!
The stone giant is lightly wounded.
The stone giant hits you.
The spriggan air mage waves its arms in wide circles.
The air twists around and strikes you!
* * * LOW HITPOINT WARNING * * *
You hit the stone giant.
The stone giant is moderately wounded.
The stone giant hits you.
* * * LOW HITPOINT WARNING * * *
Unknown command.
Your magic is already full.
You feel much better. The stone giant closely misses you.
The spriggan air mage waves its arms in wide circles.
The air twists around and strikes you.
The stone giant hits you but does no damage.
Unknown command.
Your deep troll goes berserk!
The spriggan air mage waves its arms in wide circles.
The air twists around and strikes you. The stone giant hits you!!
* * * LOW HITPOINT WARNING * * *
The spriggan air mage waves its arms in wide circles.
The air twists around and strikes you!
* * * LOW HITPOINT WARNING * * *
The stone giant hits you!!
* * * LOW HITPOINT WARNING * * *
The spriggan air mage waves its arms in wide circles.
The air twists around and strikes you!!
You die...

▓.▓.▓.▓.▓.▓.▓_▓
▓.▓.▓.▓.▓.▓.▓_▓
▓.▓.▓.▓.▓.▓.▓_▓
▓.▓.▓)▓.▓)▓.▓_▓
▓.▓.▓'▓.▓.▓.▓_▓
▓.▓.▓)▓.▓'▓.▓'▓
▓)▓.▓)▓.▓.▓.▓.▓
▓T▓.▓[▓.▓.▓.▓?▓
▓@▓.▓.▓.▓.▓.▓)▓
▓C▓)▓.▓.▓.▓.▓.▓
▓D▓.▓∩▓.▓.▓.▓.▓
▓.▓.▓.▓.▓.▓.▓.▓
▓i▓.▓∩▓.▓.▓.▓[▓
▓Q▓.▓.▓.▓.▓.▓.▓
▓R▓.▓∩▓.▓|▓.▓[▓
▓§▓.▓)▓.▓(▓.▓)▓
▓.▓.▓∩▓.▓?▓.▓)▓


You could see an ice dragon, a stone giant (ally target), a rakshasa, a tengu
warrior, a spriggan air mage (repels missiles) and a friendly deep troll
(summoned, berserk).

Vanquished Creatures
  A dire elephant (D)
  An ettin (D)
  Josephine (D)
  A hydra (D)
  3 ogre magi (D)
  3 centaur warriors (D)
  A boulder beetle (D)
  A two-headed ogre (D)
  A tengu warrior (D)
  Sonja (D)
  An iron troll (D)
  2 deep trolls (D)
  3 orc knights (D)
  A deep elf pyromancer (D)
  An orc sorcerer (D)
  A manticore (D)
  7 elephants (D)
  A gargoyle (D)
  3 cane toads (D)
  A rime drake (shapeshifter) (D)
  Psyche (D)
  2 komodo dragons (D)
  7 trolls (D)
  2 slime creatures (D)
  A dream sheep (D)
  7 wraiths (D)
  Eustachio (D)
  4 yaks (D)
  A yak (shapeshifter) (D)
  A vampire mosquito (D)
  2 water moccasins (D)
  11 orc warriors (D)
  A wolf (D)
  A phantom (D)
  4 bullfrogs (D)
  2 scorpions (D)
  5 orc priests (D)
  A jelly (D)
  An orc wizard (D)
  6 orcs (D)
  An endoplasm (D)
  A giant cockroach (D)
  A jackal (D)
  A kobold (D)
  A bat (D)
  A quokka skeleton (D)
  A quokka zombie (D)
103 creatures vanquished.

Notes
Turn   | Place    | Note
-------+----------+-------------------------------------------
     0 | D        | mhtbhm the Merfolk Berserker began the quest for the Orb.
     0 | D        | Reached XP level 1. HP: 18/18 MP: 1/1
    14 | D        | Reached skill level 5 in Polearms
    16 | D        | Reached ** piety under Trog
    43 | D        | Noticed a phantom
    43 | D        | Noticed a jelly
    43 | D        | Noticed a scorpion
    51 | D        | Killed a phantom
    52 | D        | Reached skill level 8 in Polearms
    52 | D        | Reached XP level 2. HP: 29/29 MP: 2/2
    52 | D        | Reached XP level 3. HP: 35/35 MP: 3/3
    52 | D        | Reached XP level 4. HP: 41/41 MP: 4/4
    53 | D        | Reached *** piety under Trog
    56 | D        | Reached skill level 9 in Polearms
    62 | D        | Killed a scorpion
    63 | D        | Reached skill level 10 in Polearms
    63 | D        | Reached skill level 5 in Dodging
    63 | D        | Reached XP level 5. HP: 48/49 MP: 5/5
    70 | D        | Found a snail-covered altar of Cheibriados.
    70 | D        | Found a shadowy altar of Dithmenos.
    70 | D        | Found a white marble altar of Elyvilon.
    70 | D        | Found a blossoming altar of Fedhas.
    70 | D        | Found an opulent altar of Gozag.
    71 | D        | Found a hazy altar of Hepliaklqana.
    72 | D        | Found a viscous altar of Jiyva.
    73 | D        | Found an ancient bone altar of Kikubaaqudgha.
    74 | D        | Found a corrupted altar of Lugonu.
    75 | D        | Found a burning altar of Makhleb.
    76 | D        | Found a sparkling altar of Nemelex Xobeh.
    77 | D        | Found an iron altar of Okawaru.
    78 | D        | Found a stormy altar of Qazlal.
    79 | D        | Found a sacrificial altar of Ru.
    80 | D        | Found a shimmering blue altar of Sif Muna.
    81 | D        | Found a bloodstained altar of Trog.
    82 | D        | Found a hide-covered altar of Uskayaw.
    83 | D        | Found a radiant altar of Vehumet.
    84 | D        | Found an ornate altar of the Wu Jian Council.
    85 | D        | Found a shimmering altar of Xom.
    86 | D        | Found a basalt altar of Yredelemnul.
    87 | D        | Found a glowing silver altar of Zin.
    88 | D        | Found a glowing golden altar of the Shining One.
   234 | D        | Noticed a troll
   234 | D        | Noticed a wraith
   234 | D        | Noticed a two-headed ogre
   234 | D        | Noticed an orc warrior
   234 | D        | Noticed a yak
   234 | D        | Noticed a gargoyle
   238 | D        | Killed a troll
   238 | D        | Reached **** piety under Trog
   239 | D        | Reached skill level 13 in Polearms
   239 | D        | Reached XP level 6. HP: 60/60 MP: 6/6
   242 | D        | Killed a wraith
   243 | D        | Reached skill level 10 in Fighting
   243 | D        | Reached skill level 14 in Polearms
   243 | D        | Reached XP level 7. HP: 67/67 MP: 7/7
   246 | D        | Killed a two-headed ogre
   247 | D        | Reached skill level 17 in Polearms
   247 | D        | Reached XP level 8. HP: 51/76 MP: 8/8
   556 | D        | Killed a yak
   564 | D        | Killed a gargoyle
   564 | D        | Reached ***** piety under Trog
   565 | D        | Reached skill level 18 in Polearms
   634 | D        | Noticed a slime creature
   634 | D        | Noticed a deep elf pyromancer
   634 | D        | Noticed a slime creature
   634 | D        | Noticed a wraith
   634 | D        | Noticed a boulder beetle
   634 | D        | Noticed a manticore
   639 | D        | Killed a slime creature
   640 | D        | Reached XP level 9. HP: 85/85 MP: 9/9
   649 | D        | Killed a deep elf pyromancer
   650 | D        | Reached skill level 19 in Polearms
   650 | D        | Reached skill level 5 in Armour
   650 | D        | Reached skill level 1 in Stealth
   683 | D        | Reached skill level 20 in Polearms
   687 | D        | Killed a boulder beetle
   688 | D        | Reached skill level 10 in Dodging
   691 | D        | Received a gift from Trog
   692 | D        | Reached skill level 21 in Polearms
   697 | D        | Killed a manticore
   698 | D        | Reached XP level 10. HP: 49/95 MP: 10/10
   905 | D        | Noticed a cane toad
   905 | D        | Noticed a cane toad
   911 | D        | Reached skill level 15 in Fighting
   913 | D        | Noticed a cane toad
   917 | D        | Killed a cane toad
   918 | D        | Reached skill level 22 in Polearms
   920 | D        | Killed a cane toad
   930 | D        | Killed a cane toad
   930 | D        | Reached ****** piety under Trog
   977 | D        | Noticed an eight-headed hydra
   982 | D        | Killed a 12-headed hydra
   982 | D        | Received a gift from Trog
   983 | D        | Reached skill level 23 in Polearms
  1052 | D        | Reached XP level 11. HP: 106/106 MP: 11/11
  1145 | D        | Noticed a dire elephant
  1152 | D        | Received a gift from Trog
  1153 | D        | Reached skill level 24 in Polearms
  1173 | D        | Killed a dire elephant
  1227 | D        | Reached skill level 25 in Polearms
  1429 | D        | Noticed Josephine
  1440 | D        | Killed Josephine
  1440 | D        | Received a gift from Trog
  1553 | D        | Noticed an orc knight
  1556 | D        | Received a gift from Trog
  1567 | D        | Killed an orc knight
  1582 | D        | Received a gift from Trog
  1634 | D        | Noticed an orc knight
  1640 | D        | Killed an orc knight
  1646 | D        | Noticed an orc sorcerer
  1650 | D        | Received a gift from Trog
  1657 | D        | Reached skill level 26 in Polearms
  1657 | D        | Reached XP level 12. HP: 119/119 MP: 12/12
  1717 | D        | Found Dich's Armour Emporium.
  1717 | D        | Noticed an ogre mage
  1717 | D        | Noticed an ogre mage
  1717 | D        | Noticed an iron troll
  1720 | D        | Received a gift from Trog
  1725 | D        | Killed an ogre mage
  1727 | D        | Killed an ogre mage
  1728 | D        | Reached skill level 15 in Dodging
  1728 | D        | Found Zoz Rez's Assorted Antiques.
  1741 | D        | Killed an iron troll
  1742 | D        | Reached skill level 5 in Stealth
  1744 | D        | Received a gift from Trog
  1746 | D        | Reached skill level 27 in Polearms
  1746 | D        | Found Sudesk's Distillery.
  2050 | D        | Found Pelijucw's Antique Weapon Shoppe.
  2053 | D        | Noticed an ettin
  2055 | D        | Noticed an ogre mage
  2062 | D        | Killed an ettin
  2069 | D        | Killed an ogre mage
  2101 | D        | Bought a potion of curing for 33 gold pieces
  2101 | D        | Bought a potion of curing for 33 gold pieces
  2101 | D        | Bought a potion of heal wounds for 55 gold pieces
  2101 | D        | Bought a potion of might for 44 gold pieces
  2107 | D        | Bought a tin of tremorstones (2/2) for 880 gold pieces
  2107 | D        | Bought a lightning rod (4/4) for 660 gold pieces
  2107 | D        | Bought a scroll labelled GACKAE ZEASS for 22 gold pieces
  2107 | D        | Bought a coral ring for 110 gold pieces
  2140 | D        | Noticed Eustachio
  2143 | D        | Killed Eustachio
  2143 | D        | Received a gift from Trog
  2174 | D        | Noticed Psyche
  2178 | D        | Killed Psyche
  2208 | D        | Noticed Sonja
  2212 | D        | Killed Sonja
  2305 | D        | Noticed a centaur warrior
  2305 | D        | Noticed a centaur warrior
  2305 | D        | Noticed a centaur warrior
  2311 | D        | Noticed a tengu warrior
  2319 | D        | Killed a centaur warrior
  2321 | D        | Killed a centaur warrior
  2321 | D        | Received a gift from Trog
  2326 | D        | Killed a centaur warrior
  2326 | D        | Noticed a stone giant
  2329 | D        | Noticed an ice dragon
  2333 | D        | Noticed a spriggan air mage
  2334 | D        | Killed a tengu warrior
  2335 | D        | Reached XP level 13. HP: 131/132 MP: 13/13
  2337 | D        | Noticed a rakshasa
  2344 | D        | HP: 5/132 [stone giant (22)]
  2344 | D        | Killed from afar by a spriggan air mage

Illustrated notes

Levels and vault maps discovered:
D:        linesprint [early_d, line_temple, items_1, d_10, items_2, lair_1,
          lair_end, items_3, orc_1, orc_end, items_4, d_15, swamp_1, shoals_1,
          snake_1, spider_1, d_20, vaults_1, items_5, swamp_end, shoals_end,
          snake_end, spider_end, vaults_end, d_27, items_6, zot_1, zot_end,
          crypt_end, forest_end, elf_end, slime_end, tomb_end, abyss_end,
          pan_hell_end]

Skill      XL: |  1  2  3  4  5  6  7  8  9 10 11 12 |
---------------+-------------------------------------+-----
Polearms       | 8 10 13 14 17 18 21 23 26 27 | 27.0
Dodging        | 4 5 6 8 10 12 14 16 | 16.3
Fighting       | 6 7 9 10 12 13 14 16 19 21 | 21.9
Armour         | 2 3 4 5 6 7 9 |  9.7
Stealth        | 2 4 6 |  6.0

Action                   |  1- 3 |  4- 6 |  7- 9 | 10-12 | 13-15 || total
-------------------------+-------+-------+-------+-------+-------++-------
Melee: Spear             |    24 |    12 |       |       |       ||    36
       Halberd           |       |     7 |    51 |   124 |       ||   182
       Bardiche          |       |       |       |   120 |     5 ||   125
Invok: Berserk           |     1 |     1 |     2 |     8 |       ||    12
       Brothers in Arms  |       |       |       |       |     1 ||     1
  Use: Potion            |       |       |       |     1 |     1 ||     2
 Stab: Sleeping          |       |       |       |     1 |       ||     1
Armor: Animal skin       |     5 |     2 |       |       |       ||     7
       Troll leather arm |       |       |     2 |    17 |       ||    19
       Gold dragon scale |       |       |       |     6 |     5 ||    11
       Chain mail        |       |       |       |     6 |       ||     6
Dodge: Dodged            |     8 |     3 |    14 |    92 |     1 ||   118

Table legend: (Time is in decaauts)
 A = Elapsed time spent in this place.
 B = Non-inter-level travel time spent in this place.
 C = Inter-level travel time spent in this place.
 D = Time resting spent in this place.
 E = Time spent auto-exploring this place.
 F = Levels seen in this place.
 G = Mean time per level.
                   A        B        C        D        E       F      G
               +--------+--------+--------+--------+--------+-----+--------+
         Total |   2320 |   2320 |      0 |   1188 |    258 |   1 | 2320.0 |
       Dungeon |   2320 |   2320 |      0 |   1188 |    258 |   1 | 2320.0 |
               +--------+--------+--------+--------+--------+-----+--------+

Top non-repeatable levels by time:
       D: 2320 daAuts
